 Dungeon Crawl Stone Soup version 0.26.1-16-g4e020e15dc (webtiles) character file.

Game seed: 3071417538780218073

260 Lorrdernie the Caller (level 5, 0/21 HPs)
             Began as a Felid Summoner on Sept 30, 2023.
             Was an Initiate of Gozag.
             Slain by a white imp (2 damage)
             ... on level 5 of the Dungeon.
             The game lasted 00:10:49 (8029 turns).

Lorrdernie the Caller (Felid Summoner)              Turns: 8029, Time: 00:10:50

Health: 0/21       AC:  1    Str:  4    XL:     5   Next: 95%
Magic:  9/11       EV: 18    Int: 17    God:    Gozag
Gold:   205        SH:  0    Dex: 17    Spells: 2/11 levels left
                                        Lives:  0   Deaths: 1

rFire    + . .     SeeInvis +   (weapon unavailable)
rCold    . . .     Faith    .   (shield unavailable)
rNeg     . . .     Spirit   .   (armour unavailable)
rPois    .         Reflect  .   (helmet unavailable)
rElec    .         Harm     .   (cloak unavailable)
rCorr    .         Rampage  .   (gloves unavailable)
Will     .....                  (boots unavailable)
Stlth    +++.......             q - amulet of the acrobat
HPRegen  0.07/turn              a - ring of protection from fire
MPRegen  0.12/turn              (no ring)

@: quick
A: very small, no armour, no weapons or thrown items, stealth, claws 1, fangs 3,
see invisible, speed 1, shaggy fur 1, sharp paws
a: Renounce Religion, Potion Petition, Call Merchant, Bribe Branch


You were on level 5 of the Dungeon.
You worshipped Gozag.
Gozag was aware of your devotion.
You visited 2 branches of the dungeon, and saw 6 of its levels.

You collected 284 gold pieces.
You paid 79 gold pieces to Gozag.

Inventory:

Jewellery
 a - a ring of protection from fire (left paw)
 q - an amulet of the acrobat (around neck)
Wands
 k - a wand of paralysis (9)
 r - a wand of iceblast (4)
Scrolls
 b - 7 scrolls of identify {unknown}
 h - a scroll of noise {unknown}
 j - a scroll of enchant armour {unknown}
 l - 2 scrolls of enchant weapon {unknown}
 n - 6 scrolls of remove curse {unknown}
 o - 3 scrolls of blinking {unknown}
 p - a scroll of fog {unknown}
 s - a scroll of teleportation {unknown}
Potions
 c - 3 potions of lignification
 d - 2 potions of heal wounds {unknown}
 e - 5 potions of curing {unknown}
 f - a potion of mutation {unknown}
 g - a potion of haste {unknown}
 i - a potion of ambrosia {unknown}
 m - 2 potions of might {unknown}


   Skills:
 - Level 2.6 Dodging
 - Level 2.6 Stealth
 + Level 3.6 Spellcasting
 + Level 2.9 Hexes
 * Level 6.3 Summonings


You had 2 spell levels left.
You knew the following spells:

 Your Spells              Type           Power        Failure   Level
a - Summon Small Mammal   Summ           96%          1%          1
b - Call Imp              Summ           24%          1%          2
c - Call Canine Familiar  Summ           24%          3%          3
d - Summon Guardian Gole  Hex/Summ       18%          8%          3

Your spell library contained the following spells:

 Spells                   Type           Power        Failure   Level
 Confusing Touch          Hex            12%          16%         3
 Summon Ice Beast         Ice/Summ       13%          41%         4
 Summon Lightning Spire   Summ/Air       13%          41%         4
 Gell's Gravitas          Tloc           1%           45%         3
 Petrify                  Tmut/Erth      3%           86%         4
 Metabolic Englaciation   Hex/Ice        4%           94%         5
 Yara's Violent Unravell  Hex/Tmut       4%           94%         5


Dungeon Overview and Level Annotations

Branches:
Dungeon (5/15)             Temple (1/1) D:5

Altars:
Ashenzari
Cheibriados
Dithmenos
Elyvilon
Fedhas
Gozag
Hepliaklqana
Kikubaaqudgha
Makhleb
Nemelex Xobeh
Okawaru
Qazlal
Ru
Sif Muna
Trog
Uskayaw
Vehumet
Wu Jian
Xom
Yredelemnul
Zin
The Shining One

Annotations:
D:4 2 transporters
D:5 1 runed translucent door, BiteMe's ghost, novice DsFE; Pikel


Innate Abilities, Weirdness & Mutations

You cannot wear armour.
You are incapable of wielding weapons or throwing items.
Your paws allow you to move quietly. (Stealth)
You have sharp claws.
You have razor-sharp teeth.
You have supernaturally acute eyesight. (SInv)
You cover ground quickly.
You are covered in fur. (AC +1)
Your sharp claws are effective at attacking unaware monsters.


Message History

The white imp grinds its teeth.
The white imp hits you. The white imp freezes you.
Found a stone staircase leading down.
You are too injured to fight recklessly!
You scratch the white imp but do no damage.
The white imp is almost dead.
The white imp hits you.
* * * LOW HITPOINT WARNING * * *
The white imp freezes you.
* * * LOW HITPOINT WARNING * * *
You barely miss the white imp.
The white imp is almost dead.
The white imp picks up a beetle and eats it.
The white imp gestures at you. The puff of frost misses you.
You scratch the white imp but do no damage.
The white imp is almost dead.
The white imp hits you.
You die...
Your body crumbles into a pile of gold.

#.##5# #.##.# #.##§#
#.##.# #.##.######
#.##...5..###
>#######5##..≈≈5...#####
.......5.##..≈..........
....##@.##).≈≈≈.≈######
## #...........## #
.....##..##### #
#.#...###.# # ..$#.###
### # ... ## # #.. # ##.
# ≈..# #


You could see a white imp and a friendly crimson imp (summoned).

Vanquished Creatures
  A hound (D:4)
  A hound zombie (D:5)
  2 oozes
  A dart slug (D:2)
  A leopard gecko (D:3)
  2 giant cockroaches
  3 hobgoblins
  A jackal (D:3)
  6 bats
  2 frilled lizards
  5 goblins
  3 kobolds
  4 rats
32 creatures vanquished.

Vanquished Creatures (collateral kills)
  A lemure (D:4)
  Blork the orc (D:5)
  A howler monkey (D:4)
  A hound (D:4)
  A bullfrog skeleton (D:5)
  Crazy Yiuf (D:2)
  3 worker ants
  Robin (D:2)
  10 adders
  3 gnolls (D:4)
  An ooze (D:3)
  3 worms
  A leopard gecko (D:1)
  An orc (D:3)
  2 giant cockroaches
  9 goblins
  9 hobgoblins
  16 jackals
  6 kobolds
  A quokka (D:3)
  2 bats (D:3)
  2 frilled lizards
  A quokka skeleton (D:4)
  6 rats
83 creatures vanquished.

Grand Total: 115 creatures vanquished

Notes
Turn   | Place    | Note
-------+----------+-------------------------------------------
     0 | D:1      | Lorrdernie the Felid Summoner began the quest for the Orb.
     0 | D:1      | Reached XP level 1. HP: 7/7 MP: 4/4
   396 | D:1      | Reached XP level 2. HP: 5/11 MP: 1/6
   404 | D:1      | Learned a level 2 spell: Call Imp
  1915 | D:2      | Reached XP level 3. HP: 8/14 MP: 7/7
  2390 | D:2      | Learned a level 3 spell: Call Canine Familiar
  2405 | D:2      | Noticed Robin
  2410 | D:2      | Reached skill level 5 in Summonings
  2416 | D:2      | Killed Robin
  2609 | D:2      | Reached XP level 4. HP: 14/18 MP: 4/9
  2766 | D:2      | Found a faded altar of an unknown god.
  2918 | D:2      | Found a sacrificial altar of Ru.
  3033 | D:2      | Found a runed translucent door.
  3034 | D:2      | Noticed Crazy Yiuf
  3237 | D:2      | Killed Crazy Yiuf
  3718 | D:3      | Learned a level 3 spell: Summon Guardian Golem
  4502 | D:3      | Killed from afar by an orc priest
  4503 | D:3      | Reached XP level 3. HP: -6/14 MP: 7/8
  4594 | D:3      | Reached XP level 4. HP: 18/18 MP: 4/9
  4847 | D:3      | Reached skill level 1 in Hexes
  5280 | D:4      | Found a transporter.
  5282 | D:4      | Found a transporter.
  5761 | D:4      | Reached XP level 5. HP: 21/21 MP: 3/10
  5939 | D:4      | Reached skill level 6 in Summonings
  6715 | D:5      | Entered Level 5 of the Dungeon
  6715 | D:5      | Noticed Pikel
  6715 | D:5      | Noticed a lemure
  6715 | D:5      | Noticed a lemure
  6715 | D:5      | Noticed a lemure
  6725 | D:4      | Killed a lemure
  7235 | D:5      | Noticed Blork the orc
  7256 | D:5      | Killed Blork the orc
  7385 | D:5      | Found a runed translucent door.
  7385 | D:5      | Noticed BiteMe's ghost (novice DsFE)
  7411 | D:5      | Found a hide-covered altar of Uskayaw.
  7422 | D:5      | Found a staircase to the Ecumenical Temple.
  7446 | Temple   | Entered the Ecumenical Temple
  7715 | Temple   | Became a worshipper of Gozag Ym Sagoz the Greedy
  8029 | D:5      | Slain by a white imp

Illustrated notes

Levels and vault maps discovered:
D:1:      lemuel_arrival_behind_the_door_large, layout_basic
D:2:      layout_rooms, marbit_many_paths, chequers_ecumenical_altar_island,
          kennysheep_donut, chequers_decorated_corner, uniq_robin,
          uniq_crazy_yiuf_cottage
D:3:      layout_basic
D:4:      gammafunk_steamed_eel, layout_cave_pods
D:5:      layout_loops_ring, minmay_temple_entry_nine_rooms, basic_altar,
          serial_rivers, chequers_serial_rivers_micro_c,
          chequers_serial_rivers_micro_c, chequers_serial_rivers_micro_c,
          chequers_serial_rivers_large_b, chequers_serial_rivers_micro_d,
          chequers_serial_rivers_small_a, gammafunk_ghost_grave,
          grunt_ministairs_10, uniq_blork_the_orc, uniq_pikel
Temple:   compressed_dpeg_triangle_lava_temple

Skill      XL: |  1  2  3  4  5 |
---------------+----------------+-----
Summonings     | 5 6 |  6.3
Spellcasting   | 3 |  3.6
Hexes          | 1 2 |  2.9
Dodging        | |  2.6
Stealth        | |  2.6

Action                   |  1- 3 |  4- 6 || total
-------------------------+-------+-------++-------
Melee: Unarmed           |   142 |    87 ||   229
       Bite              |    11 |     4 ||    15
 Cast: Summon Small Mamm |    39 |     8 ||    47
       Call Imp          |    21 |    48 ||    69
       Call Canine Famil |     2 |    22 ||    24
  Use: Potion            |       |     1 ||     1
 Stab: Sleeping          |     7 |     3 ||    10
       Distracted        |     2 |     1 ||     3
Armor: Skin              |    18 |     4 ||    22
Dodge: Dodged            |   197 |   113 ||   310
